 Dungeon Crawl Stone Soup version bcrawl-1.19.1 (webtiles) character file.

Game seed: 9716285649444845953

3481 Banto the Martial Artist (level 10, -4/58 HPs)
             Began as an Octopode Transmuter on Dec 11, 2019.
             Was a Believer of Cheibriados.
             Slain by a sun demon (29 damage)
             ... summoned by an orc high priest
             ... in a bailey.
             The game lasted 00:12:28 (8576 turns).

Banto the Martial Artist (Octopode Transmuter)      Turns: 8576, Time: 00:12:29

Health: -4/58      AC:  3    Str: 14    XL:     10   Next: 7%
Magic:  0/13       EV: 14    Int: 21    God:    Cheibriados [**....]
Gold:   308        SH:  0    Dex: 18    Spells: 4/13 levels left

rFire    . . .     SeeInvis .     - Unarmed
rCold    . . .     Gourm    .   (no shield)
rNeg     + . .     Faith    .   b - +2 hat
rPois    .         Spirit   +   (cloak restricted)
rElec    .         Reflect  .   e - amulet of guardian spirit
rCorr    .         Harm     .   n - ring of positive energy
MR       .....                  (no ring)
Stlth    ++++......             (no ring)
HPRegen  0.19/turn              (no ring)
MPRegen  0.13/turn              (no ring)
                                (no ring)
                                (no ring)
                                (no ring)

@: very slow
A: almost no armour, stealthy swim, amphibious, 8 rings, constrict 8, camouflage
1, gelatinous body 1
a: Bend Time, Renounce Religion


You were in a bailey.
You worshipped Cheibriados.
Cheibriados was pleased with you.
You were not hungry.

You visited 1 branch of the dungeon, and saw 7 of its levels.
You also visited: Bailey.

You collected 308 gold pieces.

Inventory:

Missiles
 a - 547 arrows
Armour
 b - a +2 hat (worn)
 r - a +0 buckler
Jewellery
 e - an amulet of guardian spirit (around mantle)
 n - a ring of positive energy (left tentacle)
Wands
 f - a wand of disintegration (13)
 q - a wand of digging (9)
 t - a wand of acid (2)
Scrolls
 h - 5 scrolls of enchant weapon
 k - 2 scrolls of amnesia
 l - 2 scrolls of identify
 m - a scroll of remove curse
Potions
 c - a potion of lignification
 g - 2 potions of brilliance
 i - 2 potions of heal wounds
 j - 3 potions of mutation
 o - a potion of invisibility {unknown}
 p - 2 potions of curing {unknown}
 s - a potion of agility {unknown}
 u - 2 potions of degeneration {unknown}
Comestibles
 d - 10 rations {!d}
 v - a chunk of flesh


   Skills:
 - Level 1.0 Fighting
 - Level 2.0 Dodging
 - Level 2.0 Stealth
 + Level 10.5 Unarmed Combat
 - Level 2.0 Spellcasting
 + Level 9.8 Transmutations


You had 4 spell levels left.
You knew the following spells:

 Your Spells              Type           Power        Failure   Level  Hunger
b - Sticks to Snakes      Tmut           #####...     1%          2    ##.....
c - Spider Form           Tmut/Pois      ###          6%          3    ###....
d - Ice Form              Ice/Tmut       ###.....     19%         4    #####..

Your spell library contained the following spells:

 Spells                   Type           Power        Failure   Level  Hunger
 Beastly Appendage        Tmut           #####.       1%          1    #......
 Blade Hands              Tmut           #####.....   7%          5    ######.


Dungeon Overview and Level Annotations

Branches:
Dungeon (7/12)             Temple (0/1) D:6            Lair (0/6) D:7

Altars:
Cheibriados
Kikubaaqudgha
Lugonu
Qazlal
Sif Muna
Uskayaw
Vehumet
Wu Jian
Xom
Zin


Innate Abilities, Weirdness & Mutations

You cannot wear most types of armour.
You are very stealthy in the water. (Stealth+)
You are amphibious.
You can wear up to eight rings at the same time.
You can use your tentacles to constrict eight enemies at once.
Your skin changes colour to match your surroundings (Stealth+).
Your rubbery body absorbs attacks. (AC +1, EV +1)


Message History

Unknown command.
Unknown command.
Unknown command.
Unknown command.
Unknown command.
Unknown command.
Unknown command.
Okay, then.
The orc knight is no longer covered in acid.
Evoke which item? (* to show all) (? for menu, Esc to quit)
Okay, then.
The orc warrior is no longer covered in acid.
Some of the chunks of flesh in your inventory have rotted away.
The orc sorcerer no longer looks unusually strong.
The sun demon closely misses you. The sun demon hits you.
You are engulfed in flames!!
* * * LOW HITPOINT WARNING * * *
You feel much better. The sun demon hits you!!
Ouch! That really hurt!
You die...

#≈≈≈≈≈≈≈≈≈.#.o3.....
#≈≈≈≈≈≈≈≈≈.#.8.#####
#≈≈≈≈≈≈≈3g.#.....
#≈≈≈≈≈≈≈≈go#.8...#
#≈≈≈≈≈≈≈≈o.#.....#
#≈≈≈≈≈≈≈≈#[####..#
#≈≈≈≈≈≈≈≈#))..#
#≈≈≈≈≈≈≈3#....#
#≈≈≈≈≈≈≈@###..#####+++##
#≈≈≈≈≈≈≈≈#.'..#..........
#≈≈≈≈≈≈≈≈######≈≈≈≈...≈≈≈
#≈≈≈≈≈≈≈≈≈≈≈≈≈≈≈≈≈≈...≈≈≈
#≈≈≈≈≈≈≈≈≈≈≈≈≈≈≈≈≈≈...≈≈≈
#≈≈≈≈≈≈≈≈≈≈≈≈≈≈≈≈≈≈...≈≈≈
#≈≈≈≈≈≈≈≈≈≈≈≈≈≈≈≈≈≈...≈≈≈
#≈≈≈≈≈≈≈≈≈≈≈≈≈≈≈.........
#################.......#


You could see a sun demon, a ynoxinul, a gnoll, an orc and a hobgoblin.

Vanquished Creatures
  Pikel (D:5)
  A troll (D:6)
  Eustachio (D:6)
  A crocodile (D:7)
  Edmund (D:6)
  A water moccasin (D:6)
  3 orc warriors (Bailey)
  An ice beast (D:5)
  2 sky beasts
  2 slaves (D:5)
  4 ogres
  A bullfrog (D:5)
  3 scorpions
  An electric eel (Bailey)
  2 howler monkeys
  2 crimson imps
  A centaur zombie (D:5)
  A centaur skeleton (D:4)
  5 hounds
  3 orc priests
  A bullfrog skeleton (D:4)
  2 jellies
  Jessica (D:2)
  3 iguanas
  5 orc wizards
  5 worker ants
  A hound skeleton (D:4)
  Robin (D:4)
  9 adders
  2 shadow imps
  2 oozes
  2 adder skeletons
  An adder zombie (D:5)
  6 worms
  5 dart slugs
  5 leopard geckos
  23 orcs
  8 bats
  4 giant cockroaches
  20 goblins
  14 hobgoblins
  5 jackals
  10 kobolds
  3 quokkas
  2 frilled lizards
  5 rats
182 creatures vanquished.

Vanquished Creatures (others)
  An ice beast (D:5)
1 creature vanquished.

Grand Total: 183 creatures vanquished

Notes
Turn   | Place    | Note
-------+----------+-------------------------------------------
     0 | D:1      | Banto the Octopode Transmuter began the quest for the Orb.
     0 | D:1      | Reached XP level 1. HP: 13/13 MP: 3/3
    74 | D:1      | Reached XP level 2. HP: 13/18 MP: 5/5
   525 | D:1      | Reached XP level 3. HP: 22/23 MP: 4/6
   648 | D:1      | Reached skill level 4 in Unarmed Combat
  1515 | D:2      | Reached XP level 4. HP: 28/28 MP: 5/7
  1544 | D:2      | Reached skill level 1 in Stealth
  1573 | D:2      | Noticed Jessica
  1588 | D:2      | Killed Jessica
  1592 | D:2      | Learned a level 2 spell: Sticks to Snakes
  1596 | D:2      | Learned a level 3 spell: Spider Form
  1856 | D:2      | Noticed an air elemental
  1858 | D:2      | Found a stormy altar of Qazlal.
  1859 | D:2      | Noticed a fire elemental
  1859 | D:2      | Noticed an earth elemental
  1859 | D:2      | Noticed a water elemental
  2176 | D:3      | Reached XP level 5. HP: 33/33 MP: 6/8
  2349 | D:3      | Reached skill level 5 in Unarmed Combat
  2857 | D:3      | Found a shimmering blue altar of Sif Muna.
  2906 | D:3      | Found a glowing silver altar of Zin.
  2922 | D:3      | Noticed an ogre
  2942 | D:3      | Killed an ogre
  2942 | D:3      | Reached XP level 6. HP: 25/38 MP: 5/9
  3225 | D:3      | Found an ornate altar of the Wu Jian Council.
  3558 | D:3      | Reached skill level 6 in Unarmed Combat
  3831 | D:4      | Noticed a sky beast
  3850 | D:3      | Killed a sky beast
  3850 | D:3      | Reached XP level 7. HP: 11/43 MP: 0/10
  4106 | D:4      | Reached skill level 5 in Transmutations
  4315 | D:4      | Noticed Robin
  4577 | D:4      | Killed Robin
  4947 | D:4      | Found a radiant altar of Vehumet.
  5180 | D:4      | Reached skill level 7 in Unarmed Combat
  5183 | D:4      | Reached XP level 8. HP: 43/48 MP: 5/11
  5193 | D:4      | Found a shimmering altar of Xom.
  5427 | D:4      | Found a snail-covered altar of Cheibriados.
  5440 | D:4      | Became a worshipper of Cheibriados the Contemplative
  5538 | D:4      | Found an ancient bone altar of Kikubaaqudgha.
  5597 | D:5      | Entered Level 5 of the Dungeon
  5980 | D:5      | Reached skill level 8 in Unarmed Combat
  6035 | D:5      | Reached * piety under Cheibriados
  6169 | D:5      | Found a corrupted altar of Lugonu.
  6245 | D:5      | Learned a level 4 spell: Ice Form
  6533 | D:5      | Noticed Pikel
  6555 | D:5      | Killed Pikel
  6555 | D:5      | Reached skill level 9 in Unarmed Combat
  6555 | D:5      | Reached XP level 9. HP: 50/53 MP: 7/12
  7156 | D:6      | Found a staircase to the Ecumenical Temple.
  7170 | D:6      | Noticed a troll
  7177 | D:6      | Killed a troll
  7335 | D:6      | Noticed Edmund
  7335 | D:6      | Noticed Eustachio
  7347 | D:6      | Killed Eustachio
  7356 | D:6      | Killed Edmund
  7823 | D:7      | Reached skill level 10 in Unarmed Combat
  7826 | D:7      | Found a staircase to the Lair.
  7826 | D:7      | Noticed an elephant
  7890 | D:7      | Found a hide-covered altar of Uskayaw.
  7901 | D:7      | Reached ** piety under Cheibriados
  7924 | D:7      | Found a flagged portal.
  7933 | Bailey   | Entered a bailey
  8155 | Bailey   | Reached XP level 10. HP: 48/58 MP: 8/13
  8543 | Bailey   | Noticed an orc knight
  8557 | Bailey   | Noticed an orc sorcerer
  8558 | Bailey   | Noticed an orc high priest
  8562 | Bailey   | Paralysed by an orc sorcerer for 4 turns
  8564 | Bailey   | Noticed a sun demon
  8576 | Bailey   | Slain by a sun demon

Skill      XL: |  1  2  3  4  5  6  7  8  9 |
---------------+----------------------------+-----
Unarmed Combat | 4 5 6 7 9 10 | 10.5
Stealth        | 2 |  2.0
Transmutations | 4 5 8 9 |  9.8
Fighting       | |  1.0
Dodging        | |  2.0
Spellcasting   | |  2.0

Action                   |  1- 3 |  4- 6 |  7- 9 | 10-12 || total
-------------------------+-------+-------+-------+-------++-------
Melee: Unarmed           |    71 |   136 |   276 |    13 ||   496
       Constrict         |    25 |    19 |    30 |       ||    74
       Tentacles         |    15 |    13 |    35 |       ||    63
       Kick              |     8 |    10 |       |       ||    18
       Punch             |     1 |       |     7 |       ||     8
 Cast: Beastly Appendage |     7 |    10 |     1 |       ||    18
       Spider Form       |       |     8 |    10 |       ||    18
       Ice Form          |       |       |     7 |     1 ||     8
       Sticks to Snakes  |       |       |     2 |       ||     2
 Abil: End Transformatio |       |       |     2 |       ||     2
Evoke: Wand              |       |       |       |     4 ||     4
  Use: Scroll            |       |     5 |     6 |     1 ||    12
       Potion            |       |       |       |     1 ||     1
 Stab: Sleeping          |     1 |    13 |     8 |       ||    22
       Distracted        |     1 |       |     2 |       ||     3
  Eat: Chunk             |     2 |     8 |    15 |     1 ||    26
Armor: Skin              |     6 |     5 |    31 |     2 ||    44
Dodge: Dodged            |    32 |    96 |   155 |     4 ||   287
